 Dungeon Crawl Stone Soup version 0.21-a0-528-gf531e82 (webtiles) character file.

709 slep the Chopper (level 7, -20/36 HPs)
             Began as a Vine Stalker Gladiator on Dec 9, 2017.
             Demolished by a two-headed ogre
             ... wielding a +0 giant club
              (22 damage)
             ... on level 5 of the Dungeon.
             The game lasted 00:11:57 (3554 turns).

slep the Chopper (Vine Stalker Gladiator)           Turns: 3554, Time: 00:11:58

Health: -20/36     AC:  4    Str: 19    XL:     7   Next: 68%
Magic:  0/17       EV: 13    Int:  8    God:
Gold:   259        SH:  0    Dex: 15    Spells: 6/6 levels left

rFire    . . .     SeeInvis .   a - +0 war axe
rCold    . . .     Gourm    .   (no shield)
rNeg     . . .     Faith    .   b - +0 leather armour
rPois    .         Spirit   +   c - +0 helmet
rElec    .         Reflect  .   (no cloak)
rCorr    .         Harm     .   (no gloves)
MR       .....                  (no boots)
Stlth    ++........             (no amulet)
HPRegen  0.52/turn              p - ring of magical power
MPRegen  0.15/turn              (no ring)

@: no status effects
A: fangs 2, regeneration 1, magic shield, antimagic bite, no potion heal 3, rot
immunity
a: no special abilities


You were on level 5 of the Dungeon.
You were not hungry.

You visited 1 branch of the dungeon, and saw 5 of its levels.

You collected 259 gold pieces.

Inventory:

Hand Weapons
 a - a +0 war axe (weapon)
 q - a +0 blowgun
Missiles
 w - 8 tomahawks (quivered)
Armour
 b - a +0 leather armour (worn)
 c - a +0 helmet (worn)
Jewellery
 p - a ring of magical power (left hand)
 y - an uncursed ring of resist corrosion {unknown}
Wands
 A - a wand of random effects (28)
Scrolls
 e - a scroll of identify {unknown}
 g - 3 scrolls of fear {unknown}
 h - 3 scrolls of remove curse {unknown}
 i - a scroll of blinking {unknown}
 l - 2 scrolls of amnesia {unknown}
 r - a scroll of random uselessness {unknown}
 t - a scroll of enchant weapon {unknown}
 v - a scroll of magic mapping {unknown}
 x - a scroll of enchant armour {unknown}
Potions
 k - 2 potions of degeneration {unknown}
 m - 2 potions of resistance {unknown}
 n - 2 potions of lignification
 o - a potion of cancellation {unknown}
 s - 2 potions of agility {unknown}
 z - 2 potions of brilliance {unknown}
 B - a potion of berserk rage {unknown}
Comestibles
 f - 4 bread rations
 j - 3 meat rations
 u - 3 chunks of flesh


   Skills:
 + Level 3.2 Fighting
 + Level 5.7 Axes
 + Level 1.9 Throwing
 + Level 2.3 Armour
 + Level 3.4 Dodging
 + Level 3.1 Stealth


You had 6 spell levels left.
You didn't know any spells.

Dungeon Overview and Level Annotations

Branches:
Dungeon (5/15)
 Temple: D:4-7

Altars:

Shops:
D:4 *


Innate Abilities, Weirdness & Mutations

You have extremely sharp teeth.
Your natural rate of healing is unusually fast.
When hurt, damage is shared between your health and your magic reserves.
Your bite disrupts and absorbs the magic of your enemies.
Potions cannot restore your health.
You are immune to rotting.


Message History

Press: ? - help, Shift-Dir - straight line, f/p - two-headed ogre
Aim: a two-headed ogre, wielding a giant club and a giant spiked club (severely wounded)
You throw a throwing net.
The throwing net barely misses the two-headed ogre.
The two-headed ogre misses you.
The two-headed ogre hits you with a giant spiked club!
You barely miss the two-headed ogre.
The two-headed ogre is severely wounded.
The two-headed ogre hits you with a giant club!
The two-headed ogre hits you with a giant spiked club!
* * * LOW HITPOINT WARNING * * *
You slash the two-headed ogre! You bite the two-headed ogre.
You drain its power.
You feel invigorated.
The two-headed ogre is almost dead.
The two-headed ogre misses you.
The two-headed ogre hits you with a giant spiked club!
* * * LOW HITPOINT WARNING * * *
The two-headed ogre hits you with a giant club!!
Ouch! That really hurt!
You die...

#.# #.###### #.# #......# #.#
#.##.### #.###.##.###########
#....<..............
#.###.....##########
#.#...#...#<......##
#.#.#.#.#.#.....#.##
#.#@#.#.#.#.........
#.#O................
#.#.......#...#...##
###.#>.........(.....)
#...#.#...........#.).
#(###.#...#...#.#.#.#.
#.###.#.###.......#.#.
#.....#...........#.#.
######################<##.###.#.


You could see a two-headed ogre.

Vanquished Creatures
  A hippogriff (D:5)
  2 scorpions
  2 hounds
  2 orc priests (D:4)
  Terence (D:3)
  An iguana (D:3)
  A worker ant (D:4)
  2 orc wizards
  8 adders
  5 oozes
  2 worms (D:2)
  2 dart slugs (D:1)
  3 leopard geckos
  17 orcs
  4 giant cockroaches
  4 goblins (D:3)
  5 hobgoblins
  7 jackals
  7 kobolds
  5 quokkas
  8 bats
  2 frilled lizards
  7 rats
98 creatures vanquished.

Notes
Turn   | Place    | Note
-------+----------+-------------------------------------------
     0 | D:1      | slep the Vine Stalker Gladiator began the quest for the Orb.
     0 | D:1      | Reached XP level 1. HP: 11/11 MP: 2/2
   141 | D:1      | Reached XP level 2. HP: 5/15 MP: 3/3
   153 | D:1      | Reached skill level 3 in Axes
   350 | D:1      | Reached XP level 3. HP: 5/18 MP: 2/4
   835 | D:2      | Found a faded altar of an unknown god.
  1538 | D:3      | Reached skill level 1 in Stealth
  1538 | D:3      | Gained mutation: Your natural rate of healing is unusually fast. [Vine Stalker growth]
  1538 | D:3      | Reached XP level 4. HP: 5/23 MP: 3/5
  1684 | D:3      | Noticed Terence
  1700 | D:3      | Killed Terence
  1700 | D:3      | Reached skill level 1 in Armour
  1700 | D:3      | Reached XP level 5. HP: 21/26 MP: 6/6
  2345 | D:4      | Reached skill level 4 in Axes
  2368 | D:4      | Reached XP level 6. HP: 4/32 MP: 3/7
  2371 | D:4      | HP: 2/48 [poisoned by a worker ant]
  2376 | D:4      | HP: 1/48 [poisoned by a worker ant]
  2381 | D:4      | HP: 1/48 [poisoned by a worker ant]
  2386 | D:4      | HP: 2/48 [poisoned by a worker ant]
  2655 | D:4      | Found Ewnuy's General Store.
  3038 | D:5      | Entered Level 5 of the Dungeon
  3067 | D:5      | Reached skill level 5 in Axes
  3067 | D:5      | Reached XP level 7. HP: 18/35 MP: 8/8
  3179 | D:5      | Noticed a two-headed ogre
  3341 | D:5      | Noticed a hippogriff
  3353 | D:5      | Killed a hippogriff
  3551 | D:5      | HP: 1/36 [two-headed ogre/giant club (7)]
  3554 | D:5      | Demolished by a two-headed ogre

Vault maps used:
D:1:      minmay_arrival_checkered_box
D:2:      chequers_ecumenical_altar_simple, first_bread, serial_bayou_ford_a,
          hangedman_decor_push
D:3:      uniq_terence
D:4:      serial_shops, shop

Skill      XL: |  1  2  3  4  5  6  7 |
---------------+----------------------+-----
Axes           | 3 4 5 |  5.7
Dodging        | 3 |  3.4
Fighting       | 2 3 |  3.2
Stealth        | 1 2 3 |  3.1
Armour         | 1 2 |  2.3
Throwing       | |  1.9

Action                   |  1- 3 |  4- 6 |  7- 9 || total
-------------------------+-------+-------+-------++-------
Melee: War axe           |    74 |   166 |    41 ||   281
       Bite              |    23 |    46 |    16 ||    85
Throw: Throwing net      |       |       |     3 ||     3
  Use: Potion            |       |     1 |       ||     1
 Stab: Sleeping          |     1 |     6 |     1 ||     8
       Held in net/web   |       |       |     2 ||     2
  Eat: Chunk             |     2 |     5 |     2 ||     9
Armor: Leather armour    |    27 |    31 |     6 ||    64
Dodge: Dodged            |    53 |   111 |    21 ||   185

Table legend:
 A = Spawn XP
 B = Non-spawn XP
 C = Spawn XP percentage of total XP
 D = Spawn monster count
 E = Non-spawn monster count
 F = Spawn count percentage of total count
 G = Total turns spent on level
                    A         B        C        D         E        F      G
               +---------+---------+-------+---------+---------+-------+---------
         Total |       0 |    1013 |   0.0 |       0 |      98 |   0.0 |  3554
               +---------+---------+-------+---------+---------+-------+---------
           D:1 |       0 |      35 |   0.0 |       0 |      16 |   0.0 |   664
           D:2 |       0 |      21 |   0.0 |       0 |      11 |   0.0 |   729
           D:3 |       0 |     151 |   0.0 |       0 |      30 |   0.0 |   939
           D:4 |       0 |     353 |   0.0 |       0 |      22 |   0.0 |   706
           D:5 |       0 |     453 |   0.0 |       0 |      19 |   0.0 |   516
               +---------+---------+-------+---------+---------+-------+---------
